 Dungeon Crawl Stone Soup version 0.28-a0-2-g643f2454ad (webtiles) character file.

Game seed: 16614866081853655697

234966 freelancePsychic the Eclecticist (level 20, -3/133 HPs)
             Began as a Djinni Ice Elementalist on July 22, 2021.
             Was the Champion of Hepliaklqana.
             Slain by an eight-headed hydra simulacrum (9 damage)
             ... on level 4 of the Swamp.
             The game lasted 01:55:47 (36105 turns).

freelancePsychic the Eclecticist (DjIE)            Turns: 36105, Time: 01:55:48

Health: -3/133     AC: 18    Str:  7    XL:     20   Next: 40%
Gold:   901        EV: 25    Int: 25    God:    Hepliaklqana [******] SH: 11 Dex: 20

rFire   + + +      SeeInvis .   a - +5 demon trident (elec)
rCold   . . .      Faith    .   Z - +3 warlock's mirror {reflect}
rNeg    + . .      Spirit   .   L - +4 troll leather armour
rPois   ∞          Reflect  +   E - +0 helmet "Badgh" {rElec Dex+5}
rElec   +          Harm     .   u - scarf {rC+ rF+}
rCorr   .          Rampage  .   c - +1 pair of gloves of the Spider Nest {rF+ rN+ Regen+}
Will    +++..                   (boots unavailable)
Stlth   ++........              W - amulet of the acrobat
HPRegen 2.32/turn               k - +4 ring of protection
MPRegen 0.00/turn               T - ring "Catoes" {Will+ EV+4}

@: about to teleport, flying, studying Armour
A: reduced essence, sickness immunity, fire resistance 2, cold vulnerability 1,
float, innate caster, hp casting, extra vitality 1
}: 1/15 runes: gossamer
a: Renounce Religion, Recall Ancestor, Ancestor Identity, Transference, Idealise


You were on level 4 of the Swamp.
You worshipped Hepliaklqana.
Hepliaklqana was exalted by your worship.
You visited 7 branches of the dungeon, and saw 35 of its levels.
You visited 1 bazaar.
You also visited: Gauntlet and Ice Cave.

You collected 3079 gold pieces.
You spent 2178 gold pieces at shops.

Inventory:

Hand Weapons
 a - a +5 demon trident of electrocution (weapon)
Missiles
 g - 3 throwing nets
Armour
 c - the +1 pair of gloves of the Spider Nest (worn) {rF+ rN+ Regen+}
   (You took it off Nikola on level 3 of the Spider Nest)

   rF:        It protects you from fire.
   rN:        It protects you from negative energy.
   Regen:     It increases your rate of health regeneration.
 t - a +0 tower shield
 u - a scarf of resistance (worn)
 A - a +0 cloak of poison resistance
 E - the +0 helmet "Badgh" (worn) {rElec Dex+5}
   (You bought it in a shop on level 2 of the Orcish Mines)

   Dex:       It affects your dexterity (+5).
   rElec:     It insulates you from electricity.
 L - a +4 troll leather armour (worn)
 Y - +1 pearl dragon scales
 Z - the +3 warlock's mirror (worn) {reflect}
   (You bought it in a shop in a bazaar)

   It can block and reflect piercing ranged attacks and magical attacks against
   the wielder's willpower.
Magical Staves
 q - a staff of death
 F - a staff of air
Jewellery
 k - a +4 ring of protection (left hand)
 x - a ring of willpower
 C - a ring of flight
 D - a ring of willpower
 T - the ring "Catoes" (right hand) {Will+ EV+4}
   (You bought it in a shop in a bazaar)

   [ring of evasion]

   EV:        It affects your evasion (+4).
   Will:      It increases your willpower.
 V - a +6 ring of intelligence
 W - an amulet of the acrobat (around neck)
Wands
 l - a wand of flame (74)
 w - a wand of mindburst (12)
 y - a wand of polymorph (18)
 P - a wand of charming (9)
 R - a wand of iceblast (44)
 S - a wand of digging (7)
 U - a wand of paralysis (32)
Scrolls
 h - a scroll of summoning
 i - 2 scrolls of magic mapping
 m - 13 scrolls of identify {@r1}
 p - a scroll of brand weapon
 s - 7 scrolls of fog
 J - a scroll of fear
 K - 9 scrolls of teleportation {@r4}
 N - 8 scrolls of immolation
 O - 3 scrolls of enchant armour
 X - 2 scrolls of blinking
Potions
 b - 6 potions of haste {@q3}
 d - 6 potions of heal wounds {@q2}
 e - 9 potions of lignification {unknown}
 f - 6 potions of flight
 j - 7 potions of attraction
 n - 5 potions of ambrosia
 o - 2 potions of resistance {unknown}
 r - 7 potions of mutation
 v - 13 potions of curing {@q1}
 z - 8 potions of brilliance
 B - a potion of berserk rage {unknown}
 H - 2 potions of invisibility {unknown}
 I - 3 potions of might {unknown}
 Q - 4 potions of cancellation {unknown}
Miscellaneous
 G - a condenser vane


   Skills:
 - Level 14.8 Fighting
 + Level 11.3 Polearms
 - Level 13.0 Armour
 + Level 13.7 Dodging
 - Level 1.5 Stealth
 - Level 12.5 Shields
 - Level 15.1 Spellcasting
 - Level 6.9 Invocations


You couldn't memorise any spells.
You knew the following spells:

 Your Spells              Type           Power      Damage    Failure   Level
a - Freeze                Ice            100%       1d11      0%          1
b - Frozen Ramparts       Ice            100%       1d12      1%          3
c - Shadow Creatures      Summ           N/A        N/A       1%          6
d - Hailstorm             Conj/Ice       76%        3d16      1%          4
e - Alistair's Intoxicat  Tmut/Pois      50%        N/A       1%          5
f - Ensorcelled Hibernat  Hex/Ice        100%       N/A       0%          2
g - Spider Form           Tmut/Pois      38%        N/A       1%          3
h - Olgreb's Toxic Radia  Pois           76%        N/A       1%          4
i - Metabolic Englaciati  Hex/Ice        38%        N/A       1%          5
j - Beastly Appendage     Tmut           100%       N/A       0%          1
k - Dispersal             Tloc           38%        N/A       1%          6
l - Eringya's Noxious Bo  Tmut/Pois      38%        N/A       1%          6
m - Ozocubu's Armour      Ice            76%        N/A       1%          3
Your spell library was empty.

Dungeon Overview and Level Annotations

Branches:
Dungeon (15/15)            Temple (1/1) D:4            Lair (6/6) D:10
  Swamp (4/4) Lair:2       Spider (4/4) Lair:2        Slime (0/5) Lair:6
    Orc (2/2) D:11            Elf (3/3) Orc:2        Vaults (0/5) D:14
 Depths (0/5) D:15          IceCv (visited)         Gauntlet (visited)

Altars:
Ashenzari
Cheibriados
Dithmenos
Elyvilon
Fedhas
Gozag
Hepliaklqana
Kikubaaqudgha
Makhleb
Nemelex Xobeh
Okawaru
Qazlal
Ru
Sif Muna
Trog
Uskayaw
Vehumet
Wu Jian
Xom
Yredelemnul
Zin
The Shining One
Beogh

Shops:
Orc:2 ([:[::[

Annotations:
D:3 Natasha
D:9 3 runed translucent doors, Mahakala's ghost, novice DsGl
D:11 1 runed translucent door, zazu2006's ghost, journeyman NaWz
Elf:2 5 runed translucent doors


Innate Abilities, Weirdness & Mutations

Your life essence is reduced to manifest your ancestor. (-10% HP)
You are immune to sickness and miasma.
You are immune to poison.
Your flesh is very heat resistant. (rF++)
You are vulnerable to cold. (rC-)
You float through the air rather than walking.
You learn spells naturally, not from books.
Your magical power is your life essence.
You have superior vitality. (+4 HP)


Message History

You block the eight-headed hydra simulacrum's attack.
The eight-headed hydra simulacrum completely misses you.
You block the eight-headed hydra simulacrum's attack.
The eight-headed hydra simulacrum bites you.
The eight-headed hydra simulacrum freezes you!!
The eight-headed hydra simulacrum barely misses you.
The eight-headed hydra simulacrum closely misses you.
The eight-headed hydra simulacrum bites you.
The eight-headed hydra simulacrum freezes you!!
Numeria hits the three-headed hydra with a +0 broad axe of flaming!!
Numeria burns the three-headed hydra.
The three-headed hydra dies!
You are too injured to fight recklessly!
You are too injured to fight recklessly!
You are too injured to fight recklessly!
You are too injured to fight recklessly!
You are too injured to fight recklessly!
You are too injured to fight recklessly!
You are too injured to fight recklessly!
You are too injured to fight recklessly!
You are too injured to fight recklessly!
You are too injured to fight recklessly!
You are too injured to fight recklessly!
You are too injured to fight recklessly!
You are too injured to fight recklessly!
You are too injured to fight recklessly!
You are too injured to fight recklessly!
You are too injured to fight recklessly!
You are too injured to fight recklessly!
Numeria completely misses the eight-headed hydra simulacrum.
As you read the scroll of teleportation {@r4}, it crumbles to dust.
You feel strangely unstable.
You block the death drake zombie's attack.
The eight-headed hydra simulacrum completely misses you.
The eight-headed hydra simulacrum bites you.
The eight-headed hydra simulacrum freezes you!!!
* * * LOW HITPOINT WARNING * * *
You block the eight-headed hydra simulacrum's attack.
The eight-headed hydra simulacrum bites you!
You die...

≈≈.≈.≈## ♣.. ♣ #.#
≈≈.....##
♣..♣♣♣♣.♣♣≈≈
....♣...# ♣...≈..♣.≈.
≈≈≈≈.≈.♣♣ ♣...♣....♣
≈≈≈≈.≈≈♣♣♣♣#
#.../♣≈[♣
≈≈≈≈≈.≈§...## #§.♣≈.#
≈≈≈≈...♣§...# #[.R≈##
....≈†≈≈≈≈≈♣♣ #♣ZZ♣♣
..≈:.†§≈§≈≈§♣###@.$##
<....≈≈≈≈≈≈♣♣≈≈..≈.≈♣
.♣....≈≈§..♣≈.?≈..≈♣♣
♣≈≈≈≈≈≈≈≈..≈†.♣♣♣♣♣♣
≈≈≈♣≈.≈≈≈).♣.♣♣
≈≈≈≈♣.....≈♣♣♣
≈≈≈≈≈.♣♣♣♣≈♣ ≈≈≈≈♣♣♣
♣♣♣ ≈≈≈≈♣


You could see the friendly Numeria the knight (fast), an eight-headed hydra
simulacrum (ally target) and a death drake zombie.

Vanquished Creatures
  Rupert (Orc:2)
  Jorgrun (Spider:2)
  An orc warlord (Orc:2)
  2 ghost moths
  An emperor scorpion (Spider:4)
  A deep elf elementalist (Elf:2)
  A hydra zombie (Swamp:4)
  3 entropy weavers
  2 bunyips
  The ghost of hatdisgam the Basher, a journeyman OgBe of Trog (Lair:2)
  A deep elf annihilator (Elf:1)
  A minotaur (Gauntlet)
  Azrael (Spider:3)
  An eleionoma (Swamp:3)
  A shambling mangrove (Swamp:4)
  An ettin (D:14)
  9 hydras
  Harold (D:9)
  5 boulder beetles
  4 alligators
  6 centaur warriors
  A two-headed ogre (D:14)
  9 dancing weapons
  2 death yaks (Lair:4)
  4 tengu warriors
  Urug (D:10)
  2 orc high priests
  7 deep elf knights
  A spriggan (Swamp:1)
  2 goliath frogs (Swamp:1)
  A skeletal warrior (D:13)
  2 deep elf archers
  Pikel (D:7)
  13 deep elf pyromancers
  9 orb spiders
  13 deep elf zephyrmancers
  A swamp dragon (Swamp:2)
  3 manticores
  2 oklob plants (Lair:3)
  20 wolf spiders
  12 ugly things
  2 orc sorcerers (Orc:2)
  3 will-o-the-wisps
  A cyclops (D:14)
  4 moths of wrath
  16 elephants
  4 black mambas
  Maurice (D:10)
  9 cane toads
  Maggie (D:8)
  A rime drake (shapeshifter) (Elf:1)
  4 komodo dragons
  2 ice devils (Orc:2)
  A kobold demonologist (D:10)
  3 demonic crawlers
  4 rime drakes
  2 bloated husks
  4 tengu conjurers (D:13)
  12 jumping spiders
  A meliai (D:14)
  9 tyrant leeches
  A death drake skeleton (Swamp:4)
  5 hornets
  A polar bear (Lair:3)
  Prince Ribbit (D:6)
  4 trolls
  2 slime creatures (D:12)
  26 blink frogs
  A shadow (D:9)
  17 redbacks
  2 air elementals (Elf:2)
  3 wyverns
  A water elemental (Elf:2)
  2 wraiths
  A hog (Lair:4)
  10 tarantellas
  59 yaks
  2 steam dragons
  6 basilisks
  14 vampire mosquitoes
  Menkaure (D:7)
  A death yak simulacrum (Lair:2)
  2 wargs
  7 swamp worms
  6 water moccasins
  3 small abominations (Gauntlet)
  An acid dragon (D:8)
  26 orc warriors
  3 swamp drakes
  A swamp dragon zombie (Swamp:4)
  A black bear (D:7)
  A sky beast (D:8)
  2 necrophages (D:6)
  5 ogres
  5 wolves
  3 centaurs
  A phantom (D:7)
  2 lemures (D:7)
  2 kobold brigands (D:7)
  14 bullfrogs
  An earth elemental (Elf:2)
  A gnoll sergeant (D:5)
  2 scorpions
  A wyvern zombie (D:7)
  An elephant simulacrum (IceCv)
  5 killer bees (D:11)
  A water moccasin skeleton (D:5)
  A vampire bat (D:5)
  4 electric eels
  A torpor snail simulacrum (Lair:2)
  4 howler monkeys
  3 jellies
  5 centaur zombies
  3 hounds
  A bullfrog skeleton (D:5)
  17 orc priests
  A wyvern simulacrum (Lair:2)
  2 centaur skeletons (D:6)
  3 iguanas
  Jessica (D:3)
  Terence (D:3)
  Natasha (twice) (D:3)
  23 orc wizards
  A killer bee zombie (D:7)
  A yak simulacrum (Lair:2)
  2 bullfrog simulacra (Lair:2)
  A basilisk simulacrum (Lair:2)
  Robin (D:2)
  A howler monkey zombie (D:10)
  9 adders
  8 gnolls
  A shadow imp (D:8)
  A white imp (D:7)
  An ufetubus (D:6)
  3 worms
  4 dart slugs
  3 fire bats (D:5)
  76 orcs
  2 spectral bats (D:5)
  15 bats
  3 bat skeletons (D:5)
  A bat zombie (D:5)
  10 endoplasms
  2 giant cockroaches (D:1)
  13 hobgoblins
  4 jackals
  3 quokkas
  4 ball pythons
  A bat simulacrum (D:5)
  4 frilled lizards
  13 goblins
  18 kobolds
  A quokka skeleton (D:4)
  3 rats (D:2)
  A bush (Lair:4)
775 creatures vanquished.

Vanquished Creatures (collateral kills)
  Nikola (Spider:3)
  Kirke (Lair:4)
  2 fenstrider witches (Swamp:2)
  A ghost moth (Spider:4)
  An orc warlord (D:12)
  5 emperor scorpions (Spider:4)
  A deep elf demonologist (Elf:1)
  Nessos (D:13)
  An entropy weaver (Spider:2)
  A dire elephant (D:15)
  2 spark wasps (Spider:4)
  3 bunyips
  3 eleionomae
  Snorg (Orc:2)
  A boulder beetle (D:14)
  3 ghost crabs
  11 hydras
  Erica (D:8)
  A catoblepas (D:14)
  4 tengu warriors
  2 two-headed ogres (D:11)
  6 alligators
  3 death yaks (Lair:4)
  A centaur warrior (D:13)
  7 dancing weapons
  6 deep elf knights (Elf:1)
  4 skeletal warriors
  A fire crab (shapeshifter) (D:14)
  A flayed ghost (Swamp:4)
  3 goliath frogs
  6 swamp dragons
  A spriggan druid (Swamp:3)
  3 bog bodies
  3 deep elf archers
  A lindwurm (shapeshifter) (D:15)
  9 deep elf pyromancers
  10 orb spiders
  6 deep elf zephyrmancers (Elf:1)
  20 wolf spiders
  10 ugly things
  2 will-o-the-wisps
  2 moths of wrath
  3 cyclopes
  3 elephants
  A black mamba (Lair:6)
  A rime drake (Lair:4)
  12 cane toads
  A freezing wraith (D:15)
  4 komodo dragons
  14 demonic crawlers
  2 polar bears (Lair:6)
  4 trolls
  13 jumping spiders
  4 hornets
  3 tyrant leeches
  7 blink frogs
  3 slime creatures
  13 tarantellas
  28 redbacks
  A shadow (D:11)
  2 wyverns
  A wraith (D:10)
  A water elemental (Elf:1)
  A dire elephant simulacrum (IceCv)
  3 spriggans
  2 hogs (Lair:4)
  24 yaks
  5 fire elementals
  2 basilisks (Lair:6)
  A golden eye (shapeshifter) (D:14)
  A death yak simulacrum (IceCv)
  14 vampire mosquitoes
  2 wargs
  A swamp worm (Swamp:3)
  2 hydra simulacra
  3 water moccasins
  4 orc warriors
  A swamp drake (Swamp:1)
  A swamp dragon zombie (Swamp:4)
  3 wolves
  An ogre (Orc:2)
  A wyvern zombie (D:7)
  8 bullfrogs
  A gnoll sergeant (D:12)
  An earth elemental (Elf:1)
  A killer bee (D:11)
  A centaur zombie (D:10)
  A crimson imp (Spider:4)
  Crazy Yiuf (D:7)
  2 orc wizards (Orc:2)
  A polar bear simulacrum (IceCv)
  A yak simulacrum (Lair:2)
  A small abomination (Gauntlet)
  A howler monkey zombie (D:9)
  An adder (Lair:4)
  2 gnolls (D:12)
  3 orcs
371 creatures vanquished.

Vanquished Creatures (others)
  A ghost moth (Spider:4)
  2 entropy weavers
  A boulder beetle (Spider:1)
  An alligator (Swamp:3)
  A goliath frog (Swamp:1)
  3 deep elf pyromancers
  A wizard (D:14)
  9 wolf spiders
  5 orb spiders
  A torpor snail (Spider:3)
  2 demonic crawlers (Spider:1)
  16 jumping spiders
  2 bloated husks (Swamp:2)
  3 tyrant leeches
  A hornet (Swamp:4)
  42 redbacks
  A spriggan (Swamp:4)
  12 tarantellas
  2 swamp worms
  A hell hound (Spider:3)
  An orc warrior (Orc:2)
  An ancestor (D:7)
  13 knights
  3 demonic plants (Gauntlet)
  19 foxfires
  68 fungi
  196 plants
408 creatures vanquished.

Grand Total: 1554 creatures vanquished

Notes
Turn   | Place    | Note
-------+----------+-------------------------------------------
     0 | D:1      | freelancePsychic the Djinni Ice Elementalist began the
                  | quest for the Orb.
     0 | D:1      | Reached XP level 1. HP: 15/15 MP: 0/0
   292 | D:1      | Reached skill level 1 in Fighting
   292 | D:1      | Reached XP level 2. HP: 19/22 MP: 0/0
   591 | D:1      | Found a faded altar of an unknown god.
   739 | D:1      | Reached XP level 3. HP: 20/27 MP: 0/0
   739 | D:1      | Learned a level 1 spell: Beastly Appendage
  1069 | D:1      | Found an opulent altar of Gozag.
  1792 | D:2      | Reached XP level 4. HP: 25/33 MP: 0/0
  2065 | D:2      | Reached skill level 4 in Spellcasting
  2652 | D:3      | Noticed Robin
  2747 | D:2      | Killed Robin
  3166 | D:3      | Noticed Terence
  3177 | D:3      | Killed Terence
  3178 | D:3      | Reached XP level 5. HP: 31/39 MP: 0/0
  3178 | D:3      | Learned a level 2 spell: Ensorcelled Hibernation
  3328 | D:3      | Noticed Jessica
  3332 | D:3      | Killed Jessica
  3714 | D:3      | Noticed Natasha
  3723 | D:3      | Killed Natasha
  3724 | D:3      | Reached XP level 6. HP: 37/46 MP: 0/0
  3885 | D:3      | Found a glowing silver altar of Zin.
  4075 | D:3      | Noticed Natasha
  4084 | D:3      | Killed Natasha
  4172 | D:3      | Noticed Natasha
  4432 | D:4      | Found a blossoming altar of Fedhas.
  4552 | D:4      | Noticed an ogre
  4737 | D:4      | Reached skill level 5 in Spellcasting
  4905 | D:4      | Found a staircase to the Ecumenical Temple.
  4944 | Temple   | Entered the Ecumenical Temple
  5176 | Temple   | Became a worshipper of Hepliaklqana the Forgotten
  5224 | D:5      | Entered Level 5 of the Dungeon
  5337 | D:5      | Found a basalt altar of Yredelemnul.
  5550 | D:5      | Reached XP level 7. HP: 45/51 MP: 0/0
  5550 | D:5      | Learned a level 3 spell: Spider Form
  6317 | D:5      | Reached skill level 6 in Spellcasting
  6450 | D:5      | Reached XP level 8. HP: 46/58 MP: 0/0
  6536 | D:5      | Identified the +8 long sword of Honesty {pain, rF+ rC+
                  | Int+4 Dex+3}
  6567 | D:5      | Reached skill level 5 in Fighting
  6995 | D:6      | Reached skill level 7 in Spellcasting
  7163 | D:6      | Reached XP level 9. HP: 66/66 MP: 0/0
  7163 | D:6      | Learned a level 4 spell: Olgreb's Toxic Radiance
  7525 | D:6      | Noticed Prince Ribbit
  7534 | D:6      | Killed Prince Ribbit
  7535 | D:6      | Reached skill level 8 in Spellcasting
  8455 | D:7      | Noticed a hornet
  8459 | D:7      | Killed a hornet
  8460 | D:7      | Reached XP level 10. HP: 53/75 MP: 0/0
  8634 | D:7      | Reached skill level 9 in Spellcasting
  8738 | D:7      | Reached * piety under Hepliaklqana
  8992 | D:7      | Noticed Menkaure
  8999 | D:7      | Killed Menkaure
  9083 | D:7      | Found a runed translucent door.
  9084 | D:7      | Noticed Crazy Yiuf
  9251 | D:7      | Noticed Pikel
  9256 | D:7      | Killed Pikel
  9531 | D:7      | Found a sacrificial altar of Ru.
  9831 | D:7      | Killed Crazy Yiuf
  9878 | D:8      | Noticed Erica
  9883 | D:8      | Killed Erica
  9884 | D:8      | Reached skill level 10 in Spellcasting
 10103 | D:8      | Noticed Maggie
 10110 | D:8      | Killed Maggie
 10490 | D:8      | Reached ** piety under Hepliaklqana
 10491 | D:8      | Remembered your ancestor Numeria as a knight
 10802 | D:9      | Reached XP level 11. HP: 71/75 MP: 0/0
 10802 | D:9      | Learned a level 5 spell: Metabolic Englaciation
 10821 | D:9      | Found a broken altar of Ashenzari.
 11151 | D:9      | Found a glowing golden altar of the Shining One.
 11151 | D:9      | Found an iron altar of Okawaru.
 11402 | D:9      | Noticed Harold
 11414 | D:9      | Killed Harold
 11728 | D:9      | Found a runed translucent gate.
 11728 | D:9      | Found a runed translucent gate.
 11728 | D:9      | Found a runed translucent gate.
 11730 | D:9      | Noticed Mahakala's ghost (novice DsGl)
 11731 | D:9      | Noticed a ten-headed hydra
 11899 | D:10     | Entered Level 10 of the Dungeon
 11962 | D:10     | Noticed Urug
 11971 | D:10     | Killed Urug
 11972 | D:10     | Reached skill level 10 in Fighting
 11972 | D:10     | Reached skill level 5 in Dodging
 12262 | D:10     | Found a staircase to the Lair.
 12567 | D:10     | Found a stormy altar of Qazlal.
 12673 | D:10     | Noticed Maurice
 12684 | D:10     | Killed Maurice
 13473 | D:11     | Noticed a two-headed ogre
 13481 | D:11     | Killed a two-headed ogre
 13482 | D:11     | Reached skill level 11 in Spellcasting
 13578 | D:11     | Noticed a boulder beetle
 13586 | D:11     | Killed a boulder beetle
 13587 | D:11     | Reached XP level 12. HP: 63/83 MP: 0/0
 13675 | D:11     | Reached *** piety under Hepliaklqana
 14010 | D:11     | Found a staircase to the Orcish Mines.
 14010 | D:11     | Noticed a two-headed ogre
 14015 | D:11     | Killed a two-headed ogre
 14317 | D:11     | Found a runed translucent door.
 14317 | D:11     | Found a shimmering altar of Xom.
 14317 | D:11     | Noticed zazu2006's ghost (journeyman NaWz)
 14317 | D:11     | Noticed a +0 long sword of chaos
 14602 | Lair:1   | Entered Level 1 of the Lair of Beasts
 14681 | Orc:1    | Entered Level 1 of the Orcish Mines
 15204 | Orc:2    | Entered Level 2 of the Orcish Mines
 15223 | Orc:2    | Found a frozen archway.
 15459 | IceCv    | Entered an ice cave
 15472 | IceCv    | Found a transporter.
 15722 | IceCv    | Found a transporter.
 15807 | Orc:2    | Noticed an orc warlord
 16540 | Orc:2    | Found Mastrah's Book Boutique.
 16589 | Orc:2    | Noticed Rupert
 16617 | Orc:2    | Paralysed by Rupert for 4 turns
 16624 | Orc:2    | Killed Rupert
 16708 | Orc:2    | Found a staircase to the Elven Halls.
 16721 | Orc:2    | Reached XP level 13. HP: 76/90 MP: 0/0
 16721 | Orc:2    | Learned a level 5 spell: Alistair's Intoxication
 16722 | Orc:2    | Found Nepaczusew's Armour Shoppe.
 16730 | Orc:2    | Bought a +0 pair of gloves for 45 gold pieces
 16784 | Orc:2    | Found Aroferchi's Book Emporium.
 16792 | Orc:2    | Noticed Snorg
 16805 | Orc:2    | Killed Snorg
 16884 | Orc:2    | Reached **** piety under Hepliaklqana
 16913 | Orc:2    | Noticed an orc warlord
 16988 | Orc:2    | Reached skill level 12 in Spellcasting
 16999 | Orc:2    | Killed an orc warlord
 17163 | Orc:2    | Reached skill level 10 in Dodging
 17168 | Orc:2    | Found Gasm's Antique Armour Emporium.
 17178 | Orc:2    | Bought a transparent helmet for 190 gold pieces
 17178 | Orc:2    | Identified the +0 helmet "Badgh" {rElec Dex+5} (You bought
                  | it in a shop on level 2 of the Orcish Mines)
 17215 | Orc:2    | Found Yluob's Book Shoppe.
 17303 | Orc:2    | Found Ufyt's Antique Armour Emporium.
 17307 | Orc:2    | Found Foiraowagh's Antique Weapon Shoppe.
 17655 | Orc:2    | Bought a pair of glowing gloves for 202 gold pieces
 17826 | Lair:1   | Noticed a six-headed hydra
 17834 | Lair:1   | Killed a seven-headed hydra
 17835 | Lair:1   | Reached skill level 1 in Armour
 18135 | Lair:1   | Reached skill level 1 in Shields
 18241 | Lair:1   | You are sucked into a shaft and drop 1 floor!
 18312 | Lair:2   | Noticed a four-headed hydra
 18326 | Lair:2   | Killed a four-headed hydra
 18502 | Lair:2   | Found a runed translucent gate.
 18502 | Lair:2   | Found a runed translucent gate.
 18503 | Lair:2   | Found a runed translucent gate.
 18551 | Lair:2   | Reached skill level 5 in Armour
 18885 | Lair:2   | Reached XP level 14. HP: 97/97 MP: 0/0
 18909 | Lair:2   | Found a staircase to the Swamp.
 18920 | Lair:2   | Reached skill level 1 in Invocations
 18949 | Lair:2   | Found a hole to the Spider Nest.
 19174 | Lair:2   | Noticed hatdisgam's ghost (journeyman OgBe)
 19329 | Lair:2   | Killed hatdisgam's ghost
 20374 | Lair:4   | Reached skill level 5 in Invocations
 20537 | Lair:4   | Reached ***** piety under Hepliaklqana
 20647 | Lair:4   | Noticed Kirke
 21029 | Lair:5   | Reached skill level 10 in Armour
 21402 | Lair:6   | Entered Level 6 of the Lair of Beasts
 21411 | Lair:6   | Reached XP level 15. HP: 79/101 MP: 0/0
 21411 | Lair:6   | Learned a level 6 spell: Dispersal
 21805 | Lair:6   | Reached skill level 13 in Spellcasting
 22097 | Lair:6   | Found a staircase to the Slime Pits.
 22697 | Lair:4   | Killed Kirke
 22782 | Lair:4   | Reached XP level 16. HP: 88/111 MP: 0/0
 23784 | D:12     | Found a gate leading to a gauntlet.
 23792 | Gauntlet | Entered a Gauntlet
 23792 | Gauntlet | Found a transporter.
 23802 | Gauntlet | Found a transporter.
 23811 | Gauntlet | Found the ring of the Octopus King
 23817 | Gauntlet | Found a transporter.
 23822 | Gauntlet | Found a transporter.
 23839 | Gauntlet | Found a transporter.
 23858 | Gauntlet | Found a transporter.
 23870 | Gauntlet | Found a transporter.
 23882 | Gauntlet | Found a transporter.
 23884 | Gauntlet | Found the +7 lajatang of Order {silver, rMut}
 23888 | Gauntlet | Found a transporter.
 23903 | Gauntlet | Found a transporter.
 23909 | Gauntlet | Found a transporter.
 23924 | Gauntlet | Found a transporter.
 23941 | Gauntlet | Found a transporter.
 23961 | Gauntlet | Found a transporter.
 23988 | Gauntlet | Found a transporter.
 24008 | Gauntlet | Found a transporter.
 24203 | Gauntlet | Found a transporter.
 24209 | Gauntlet | Found a transporter.
 24248 | Gauntlet | Identified a ring of the Octopus King {rN+ AC+1 EV+1 Str+1
                  | Int+1 Dex+1}
 24283 | Gauntlet | Identified the +1 cloak of Modesty {Rampage rElec Will-
                  | rCorr}
 24811 | D:12     | Reached skill level 1 in Polearms
 25305 | D:13     | Noticed Nessos
 25327 | D:13     | Killed Nessos
 25420 | D:13     | Reached skill level 5 in Polearms
 25848 | D:14     | Reached skill level 5 in Shields
 25917 | D:14     | Reached skill level 14 in Spellcasting
 26404 | D:14     | Found a gate to the Vaults.
 26623 | D:14     | Reached XP level 17. HP: 97/117 MP: 0/0
 26623 | D:14     | Learned a level 6 spell: Eringya's Noxious Bog
 26786 | D:15     | Entered Level 15 of the Dungeon
 26828 | D:15     | Reached ****** piety under Hepliaklqana
 27373 | D:15     | Found a staircase to the Depths.
 27786 | Elf:1    | Entered Level 1 of the Elven Halls
 27959 | Elf:1    | Reached skill level 10 in Shields
 29101 | Elf:1    | Reached XP level 18. HP: 122/122 MP: 0/0
 29222 | Elf:2    | Found a flickering gateway to a bazaar.
 29238 | Bazaar   | Entered a bazaar
 29238 | Bazaar   | Found Vingox's Jewellery Boutique.
 29245 | Bazaar   | Found Sonwabai's General Store.
 29253 | Bazaar   | Found Diwyotakk's Distillery.
 29264 | Bazaar   | Found Yronoc's Antique Weapon Boutique.
 29275 | Bazaar   | Found Agit's Antique Armour Emporium.
 29307 | Bazaar   | Bought the +3 warlock's mirror {reflect} for 880 gold
                  | pieces
 29307 | Bazaar   | Found the +3 warlock's mirror {reflect}
 29335 | Bazaar   | Bought the ring "Catoes" {Will+ EV+4} for 631 gold pieces
 29359 | Bazaar   | Bought a scroll of enchant armour for 67 gold pieces
 29359 | Bazaar   | Bought a scroll of teleportation for 27 gold pieces
 29369 | Bazaar   | Bought a potion of brilliance for 68 gold pieces
 29369 | Bazaar   | Bought a potion of brilliance for 68 gold pieces
 29421 | Elf:2    | Paralysed by an air elemental for 1 turns
 29427 | Elf:2    | Paralysed by an air elemental for 1 turns
 29639 | Elf:2    | Paralysed by an air elemental for 1 turns
 29651 | Elf:2    | Paralysed by an air elemental for 1 turns
 29812 | Elf:2    | Found a huge runed translucent gate.
 29812 | Elf:2    | Found a huge runed translucent gate.
 29812 | Elf:2    | Found a huge runed translucent gate.
 29812 | Elf:2    | Found a huge runed translucent gate.
 29812 | Elf:2    | Found a huge runed translucent gate.
 30229 | Elf:3    | Entered Level 3 of the Elven Halls
 30566 | Spider:1 | Entered Level 1 of the Spider Nest
 31404 | Spider:2 | Noticed Jorgrun
 31421 | Spider:2 | Killed Jorgrun
 32659 | Spider:3 | Identified the +1 pair of gloves of the Spider Nest {rF+
                  | rN+ Regen+}
 32659 | Spider:3 | Noticed Nikola
 32667 | Spider:3 | Killed Nikola
 32668 | Spider:3 | Reached skill level 15 in Spellcasting
 32837 | Spider:3 | Identified the +6 halberd "Earthworm" {flame, rPois rF-
                  | rCorr}
 32906 | Spider:3 | Reached XP level 19. HP: 113/127 MP: 0/0
 32906 | Spider:3 | Learned a level 6 spell: Shadow Creatures
 33012 | Spider:3 | Noticed Azrael
 33016 | Spider:3 | Killed Azrael
 33483 | Spider:4 | Entered Level 4 of the Spider Nest
 34099 | Spider:4 | Got a gossamer rune of Zot
 34309 | Swamp:1  | Entered Level 1 of the Swamp
 34367 | Swamp:1  | Identified the +13 plate armour of Agoraphobia {Int+2}
 34431 | Swamp:1  | Reached skill level 10 in Polearms
 35026 | Swamp:2  | Reached XP level 20. HP: 126/133 MP: 0/0
 35842 | Swamp:4  | Entered Level 4 of the Swamp
 36105 | Swamp:4  | HP: 6/133 [eight-headed hydra simulacrum (38)]
 36105 | Swamp:4  | Slain by an eight-headed hydra simulacrum

Illustrated notes

Levels and vault maps discovered:
D:1:      zaba_arrival_water, layout_loops_ring,
          hellmonk_ecumenical_altar_zigzags, grunt_decor_junction,
          kennysheep_flooded_box
D:2:      minmay_inner_zag, layout_loops_ring, cheibrodos_gnoll_hut
D:3:      layout_basic, zin_scriptorium, uniq_jessica, uniq_robin, uniq_terence,
          uniq_natasha
D:4:      layout_rooms, fedhas_ov_isle_minmay, minmay_temple_entry_glassed_door
D:5:      layout_loops_cross, mainiacjoe_overflow_small_starburst,
          goddamned_bats
D:6:      layout_gridville, uniq_prince_ribbit1
D:7:      layout_loops_corners, lemuel_crystal_altar, uniq_pikel, uniq_menkaure,
          uniq_crazy_yiuf_cottage
D:8:      layout_loops_ring, grunt_decor_arrowhead, uniq_maggie, uniq_erica
D:9:      layout_basic, gammafunk_temple_overflow_elements,
          gammafunk_temple_overflow_pools, gammafunk_ghost_hydra_chop,
          hangedman_abyss_or_decor_lesser_grid, uniq_harold
D:10:     layout_stronghold, mainiacjoe_overflow_alcove_4, lair_entry_dummy,
          uniq_maurice, uniq_urug
D:11:     layout_cave_pods, orc_0_dummy, ebering_ghost_xom
D:12:     layout_roguey, gauntlet_entry_generic
D:13:     layout_loops_ring, serial_glass, glass_columns_a, glass_columns_a,
          uniq_nessos
D:14:     layout_gridville, david_vaults_1, evilmike_minifort
D:15:     hangedman_depths_entry_try_elsewhere_first, layout_irregular_city,
          chequers_jeans, drop_trap
Temple:   nicolae_temple_figure_eight
Lair:1:   layout_hall_layers, nicolae_quartered_pool_super
Lair:2:   layout_cave_pods, swamp_mist, spider_nest_entry_rubble,
          gammafunk_ghost_icy, chequers_serial_rivers_micro_d,
          beast_lair_carwin_6
Lair:3:   layout_gridlike, grunt_megastairs_4, minmay_lair_oklob_chamber,
          infiniplex_staircase_pool_2
Lair:4:   minmay_lair_venomous_thicket, layout_gridlike, pond,
          grunt_megastairs_2, uniq_kirke
Lair:5:   layout_regular_city
Lair:6:   minmay_lair_end_frog_pond, layout_gridlike,
          nicolae_slime_entry_slimehenge, serial_bayou_shore_b
Swamp:1:  layout_basic_swamp, evilmike_swamp_ruin_rubble_2, swamp_pool4
Swamp:2:  layout_basic_swamp, nicolae_swamp_stair_fork, st_swamp_ruins_3
Swamp:3:  layout_falls_marsh, nicolae_swamp_some_circles, swamp_pool1
Swamp:4:  byrel_swamp_growth_death_and_undeath, layout_basic_swamp, swamp_pool1
Spider:1: layout_spider_delve
Spider:2: layout_chambers, drop_trap, nicolae_spider_jagged_tunnels,
          uniq_jorgrun
Spider:3: nicolae_spider_mines_1, uniq_azrael, uniq_nikola
Spider:4: grunt_spider_rune_circles, nicolae_crawler_farm
Orc:1:    layout_caves, serial_shops, nicolae_shop_stone
Orc:2:    grunt_orc_community_town_hall, layout_diamond_mine,
          grunt_orc_community_big_house_1, grunt_orc_community_big_house_1,
          grunt_orc_community_house_3, grunt_orc_community_house_1,
          grunt_orc_community_house_2, grunt_orc_community_house_1,
          grunt_orc_community_house_1, serial_shops, nicolae_shop_statue_plus,
          shop, nicolae_shop_temple_entry_statues_fountains,
          portal_ice_cave_demonic_guard, uniq_rupert, uniq_snorg
Elf:1:    minmay_elf_arrival_plus, layout_gridlike,
          hangedman_elven_crosses_minicolossus
Elf:2:    elven_hall_of_blades_hangedman_alternative [nicolae_blade_lattice],
          layout_geoelf_diagonals, basic_altar, serial_shops, bzr_entry_water,
          patterned_corridor, uniq_louise
Elf:3:    minmay_elf_hall, layout_geoelf_grid, serial_glass, glass_columns_a,
          glass_columns_a, minmay_shoptagon

Skill      XL: |  1  2  3  4  5  6  7  8  9 10 11 12 13 14 15 16 17 18 19 20 |
---------------+-------------------------------------------------------------+-----
Fighting       | 1 2 3 4 6 7 9 10 11 12 14 | 14.8
Spellcasting   | 4 5 6 7 8 10 11 12 13 14 15 | 15.1
Dodging        | 6 9 10 12 13 | 13.7
Armour         | 5 10 11 13 | 13.0
Shields        | 4 6 12 | 12.5
Invocations    | 6 |  6.9
Polearms       | 5 8 10 11 | 11.3
Stealth        | |  1.5

Action                   |  1- 3 |  4- 6 |  7- 9 | 10-12 | 13-15 | 16-18 | 19-21 || total
-------------------------+-------+-------+-------+-------+-------+-------+-------++-------
Melee: Unarmed           |     5 |     7 |       |       |       |       |       ||    12
       Short sword       |       |    46 |    90 |       |       |       |       ||   136
       Long sword        |       |       |    83 |    84 |   164 |     8 |       ||   339
       Demon trident     |       |       |       |       |       |   795 |   538 ||  1333
 Cast: Freeze            |    62 |    46 |     7 |     1 |     5 |       |       ||   121
       Frozen Ramparts   |     1 |    21 |    11 |     9 |    19 |     2 |       ||    63
       Ozocubu's Armour  |       |     9 |    10 |     3 |     9 |     2 |       ||    33
       Olgreb's Toxic Ra |       |       |     9 |    24 |    18 |    24 |     5 ||    80
       Hailstorm         |       |       |     4 |   137 |   317 |   125 |    10 ||   593
       Alistair's Intoxi |       |       |       |       |     4 |    78 |       ||    82
       Beastly Appendage |       |       |       |       |     1 |       |       ||     1
       Metabolic Englaci |       |       |       |       |     3 |     4 |       ||     7
       Dispersal         |       |       |       |       |     2 |       |       ||     2
       Eringya's Noxious |       |       |       |       |       |    29 |    24 ||    53
       Shadow Creatures  |       |       |       |       |       |       |    38 ||    38
Invok: Ancestor Life: Kn |       |       |       |     1 |       |       |       ||     1
       Ancestor Identity |       |       |       |     1 |       |       |       ||     1
       Recall Ancestor   |       |       |       |     1 |     5 |       |       ||     6
       Idealise          |       |       |       |       |     3 |     3 |     2 ||     8
       Transference      |       |       |       |       |       |       |     1 ||     1
Evoke: Wand              |       |       |       |       |     1 |       |       ||     1
  Use: Scroll            |       |     6 |     4 |     8 |     5 |     8 |     6 ||    37
       Potion            |       |       |       |       |     1 |     1 |     2 ||     4
 Stab: Sleeping          |       |     2 |       |       |       |     4 |     1 ||     7
       Distracted        |       |       |     1 |     1 |     6 |    10 |    11 ||    29
       Confused          |       |       |       |       |       |    20 |       ||    20
       Petrified         |       |       |       |       |       |     1 |       ||     1
Armor: Robe              |     8 |    50 |   192 |     1 |       |       |       ||   251
       Steam dragon scal |       |       |       |    40 |       |       |       ||    40
       Troll leather arm |       |       |       |       |    69 |   311 |   130 ||   510
Dodge: Dodged            |    26 |   117 |   243 |   112 |   221 |   465 |   361 ||  1545
Block: Buckler           |       |       |       |       |    54 |   251 |   233 ||   538
       Kite shield       |       |       |       |       |       |   108 |       ||   108
       Reflection        |       |       |       |       |       |    11 |     7 ||    18
       Rpst.: Long sword |       |       |    23 |    32 |    73 |     2 |       ||   130

Table legend: (Time is in decaauts)
 A = Elapsed time spent in this place.
 B = Non-inter-level travel time spent in this place.
 C = Inter-level travel time spent in this place.
 D = Time resting spent in this place.
 E = Time spent auto-exploring this place.
 F = Levels seen in this place.
 G = Mean time per level.
                   A        B        C        D        E       F      G
               +--------+--------+--------+--------+--------+-----+--------+
         Total |  36216 |  34411 |   1805 |   2193 |  25329 |  38 |  953.1 |
       Dungeon |  18562 |  17759 |    803 |   1086 |  14309 |  15 | 1237.5 |
        Temple |    260 |    203 |     57 |      0 |    202 |   1 |  260.0 |
          Lair |   6080 |   5654 |    426 |     50 |   4375 |   6 | 1013.3 |
         Swamp |   1723 |   1669 |     54 |     32 |   1154 |   4 |  430.8 |
   Spider Nest |   3682 |   3517 |    165 |    202 |   2287 |   4 |  920.5 |
  Orcish Mines |   2454 |   2258 |    196 |    510 |   1139 |   2 | 1227.0 |
   Elven Halls |   2438 |   2337 |    101 |     48 |   1494 |   3 |  812.7 |
        Bazaar |    137 |    137 |      0 |      0 |     56 |   1 |  137.0 |
      Ice Cave |    289 |    289 |      0 |    239 |      0 |   1 |  289.0 |
      Gauntlet |    588 |    588 |      0 |     26 |    313 |   1 |  588.0 |
               +--------+--------+--------+--------+--------+-----+--------+

Top non-repeatable levels by time:
   Orc:2: 1840 daAuts
    D:10: 1770 daAuts
     D:5: 1768 daAuts
    D:11: 1667 daAuts
     D:2: 1660 daAuts
     D:7: 1644 daAuts
Spider:2: 1634 daAuts
   Elf:1: 1480 daAuts
     D:6: 1292 daAuts
  Lair:2: 1292 daAuts
     D:1: 1286 daAuts
     D:3: 1240 daAuts
     D:9: 1139 daAuts
  Lair:6: 1138 daAuts
    D:14: 1111 daAuts
